 Dungeon Crawl Stone Soup version 0.30-a0-23-ge60ba3568b (webtiles) character file.

Game seed: 7814331880546355027

63 SensoryNuts the Ducker (level 4, 0/31 HPs)
             Began as an Octopode Fighter on Aug 25, 2022.
             Slain by Pargi (2 damage)
             ... on level 3 of the Dungeon.
             The game lasted 00:03:16 (2198 turns).

SensoryNuts the Ducker (Octopode Fighter)           Turns: 2198, Time: 00:03:16

Health: 0/31       AC:  1    Str: 15    XL:     4   Next: 10%
Magic:  4/4        EV: 13    Int: 10    God:
Gold:   197        SH:  4    Dex: 13    Spells: 3/3 levels left

rFire   . . .      SeeInvis .    a - +0 rapier (flame)
rCold   . . .      Faith    .    b - +0 buckler
rNeg    . . .      Spirit   .    (helmet restricted)
rPois   .          Reflect  .    e - amulet of the acrobat
rElec   .          Harm     .    (no ring)
rCorr   .          Rampage  .    (no ring)
Will    .....                    (no ring)
Stlth   +++.......               (no ring)
HPRegen 0.10/turn                (no ring)
MPRegen 0.09/turn                (no ring)
                                 (no ring)
                                 (no ring)

@: mighty
A: almost no armour, amphibious, 8 rings, camouflage 1, gelatinous body 1,
(nimble swimmer 1), tentacles
a: no special abilities


You were on level 3 of the Dungeon.
You visited 1 branch of the dungeon, and saw 3 of its levels.

You collected 197 gold pieces.

Inventory:

Hand Weapons
 a - a +0 rapier of flaming (weapon)
 h - a +0 short sword
Armour
 b - a +0 buckler (worn)
Jewellery
 e - an amulet of the acrobat (around mantle)
Scrolls
 g - a scroll of teleportation {unknown}
 i - 2 scrolls of butterflies
Potions
 f - a potion of resistance


   Skills:
 + Level 3.2 Fighting
 * Level 3.0 Short Blades
 + Level 3.5 Dodging
 + Level 1.4 Stealth
 + Level 3.2 Shields


You had 3 spell levels left.
You didn't know any spells.
Your spell library contained the following spells:

 Spells                   Type           Power      Damage    Failure   Level
 Necrotise                Necr           0%         1d4       45%         1
 Vampiric Draining        Necr           0%         2d6       83%         3
 Agony                    Necr           0%         N/A       100%        5


Dungeon Overview and Level Annotations

Branches:
Dungeon (3/15)

Altars:
Sif Muna

Annotations:
D:3 Pargi


Innate Abilities, Weirdness & Mutations

You cannot wear most types of armour.
You are amphibious.
You can wear up to eight rings at the same time.
Your skin changes colour to match your surroundings (Stealth+).
Your rubbery body absorbs attacks. (AC +1, EV +1)
((You are camouflaged when in or above water. (Stealth+)))
You have tentacles for arms and can constrict up to eight enemies at once.


Message History

Pargi is severely wounded.
Pargi bites you! You block Pargi's attack. Pargi barely misses you.
You are too injured to fight recklessly!
You are too injured to fight recklessly!
You are too injured to fight recklessly!
You are too injured to fight recklessly!
You are too injured to fight recklessly!
You are too injured to fight recklessly!
You are too injured to fight recklessly!
You are too injured to fight recklessly!
You are too injured to fight recklessly!
You are too injured to fight recklessly!
You are too injured to fight recklessly!
You are too injured to fight recklessly!
You are too injured to fight recklessly!
You are too injured to fight recklessly!
You are too injured to fight recklessly!
You are too injured to fight recklessly!
You feel very mighty all of a sudden. Pargi bites you.
* * * LOW HITPOINT WARNING * * *
Pargi claws you.
* * * LOW HITPOINT WARNING * * *
Pargi closely misses you.
You feel better. Pargi closely misses you. Pargi claws you. Pargi misses you.
You puncture Pargi! You burn Pargi.
Pargi is almost dead.
Pargi bites you.
* * * LOW HITPOINT WARNING * * *
Pargi closely misses you. Pargi misses you. You block Pargi's attack.
Pargi misses you. Pargi claws you.
* * * LOW HITPOINT WARNING * * *
Okay, then.
You barely miss Pargi.
Pargi is severely wounded.
Pargi barely misses you. x2; Pargi claws you but does no damage.
You closely miss Pargi.
Pargi is severely wounded.
Pargi closely misses you. Pargi claws you.
You die...

###### ......
######### ######
######......$#
#.#
.............#
#.# #.T@.....#
#.# ####...###
#.##
.....??##$#####..
....... #.....#.#
....... ##....#.#
.S..... #......##
....... #....#..#
.......
#....#..#####
.......
######......#


You could see Pargi.

Vanquished Creatures
  An adder (D:3)
  A worm (D:2)
  3 dart slugs
  5 ball pythons
  7 endoplasms
  A giant cockroach (D:1)
  7 goblins
  5 hobgoblins
  3 frilled lizards (D:2)
  5 kobolds
  6 rats
44 creatures vanquished.

Notes
Turn   | Place    | Note
-------+----------+-------------------------------------------
     0 | D:1      | SensoryNuts the Octopode Fighter began the quest for the
                  | Orb.
     0 | D:1      | Reached XP level 1. HP: 16/16 MP: 1/1
   236 | D:1      | Reached XP level 2. HP: 18/21 MP: 2/2
   415 | D:1      | Found a faded altar of an unknown god.
  1019 | D:2      | Reached XP level 3. HP: 26/26 MP: 3/3
  1182 | D:2      | Reached skill level 1 in Stealth
  1314 | D:2      | Found a shimmering blue altar of Sif Muna.
  2045 | D:3      | Reached XP level 4. HP: 29/31 MP: 4/4
  2185 | D:3      | Noticed Pargi
  2198 | D:3      | Slain by Pargi

Illustrated notes

Levels and vault maps discovered:
D:1:      lemuel_arrival_funnel, layout_loops_ring,
          hellmonk_ecumenical_altar_leap_of_faith
D:2:      layout_loops_ring, basic_altar, nicolae_kite_square_tiling_tiny
D:3:      layout_basic, serial_bayou_crossing, uniq_pargi

Skill      XL: |  1  2  3 |
---------------+----------+-----
Stealth        | 1 |  1.4
Short Blades   | 3 |  3.0
Fighting       | |  3.2
Dodging        | |  3.5
Shields        | |  3.2

Action                   |  1- 3 |  4- 6 || total
-------------------------+-------+-------++-------
Melee: Rapier            |    75 |     8 ||    83
       Constrict         |    21 |     1 ||    22
       Tentacles         |    17 |     3 ||    20
       Punch             |     1 |       ||     1
  Use: Scroll            |     6 |       ||     6
       Potion            |     3 |     2 ||     5
 Stab: Sleeping          |     6 |     2 ||     8
       Distracted        |       |     1 ||     1
Armor: Skin              |       |     1 ||     1
Dodge: Dodged            |    39 |    11 ||    50
Block: Buckler           |    10 |     4 ||    14

Table legend: (Time is in decaauts)
 A = Elapsed time spent in this place.
 B = Non-inter-level travel time spent in this place.
 C = Inter-level travel time spent in this place.
 D = Time resting spent in this place.
 E = Time spent auto-exploring this place.
 F = Levels seen in this place.
 G = Mean time per level.
                   A        B        C        D        E       F      G
               +--------+--------+--------+--------+--------+-----+--------+
         Total |   2219 |   2111 |    108 |    163 |   1629 |   3 |  739.7 |
       Dungeon |   2219 |   2111 |    108 |    163 |   1629 |   3 |  739.7 |
               +--------+--------+--------+--------+--------+-----+--------+

Top non-repeatable levels by time:
     D:1: 1029 daAuts
     D:2: 1027 daAuts
     D:3: 162 daAuts
